 Dungeon Crawl Stone Soup version 0.30.1-11-g7821555f0a (webtiles) character file.

Game seed: 5345847050058134679

30 KyoPewz the Vexing (level 3, -4/15 HPs)
             Began as a Felid Enchanter on Dec 13, 2023.
             Killed by nerve-wracking pain
             ... invoked by Jessica
              (11 damage)
             ... on level 2 of the Dungeon.
             The game lasted 00:02:44 (940 turns).

KyoPewz the Vexing (Felid Enchanter)                 Turns: 940, Time: 00:02:45

Health: -4/15      AC:  1    Str:  4    XL:     3   Next: 3%
Magic:  7/7        EV: 18    Int: 16    God:
Gold:   60         SH:  0    Dex: 18    Spells: 4/6 levels left
                                        Lives:  0   Deaths: 0

rFire   . .          .
                       - Unarmed
rCold   . . .        (shield unavailable)
rNeg    . . .        (body armour unavailable)
rPois   .            (helmet unavailable)
rElec   .            (cloak unavailable)
rCorr   .            (gloves unavailable)
SInv    +            (boots unavailable)
Will    .....        (no amulet)
Stlth   +++          (no ring)
HPRegen 0.22/turn    (no ring)
MPRegen 0.10/turn

%: no passive effects
@: quick
A: very small, claws 1, fangs 3, see invisible, speed 1, shaggy fur 1, stealthy
paws, no weapons or thrown items, no armour, multi-lived
a: no special abilities


You were on level 2 of the Dungeon.
You visited 1 branch of the dungeon, and saw 2 of its levels.

You collected 60 gold pieces.

Inventory:

Scrolls
 c - 3 scrolls of enchant armour {unknown}
 d - a scroll of identify {unknown}
Potions
 a - 2 potions of invisibility
 b - a potion of attraction {unknown}


   Skills:
 + Level 1.0 Fighting
 + Level 3.3 Dodging
 + Level 4.4 Stealth
 + Level 1.5 Unarmed Combat
 - Level 2.0 Spellcasting
 - Level 4.4 Hexes
 + Level 0.4 Ice Magic


You had 4 spell levels left.
You knew the following spells:

 Your Spells              Type           Power      Damage    Failure   Level
a - Ensorcelled Hibernat  Hex/Ice        18%        N/A       12%         2

Your spell library contained the following spells:

 Spells                   Type           Power      Damage    Failure   Level
 Confusing Touch          Hex            15%        N/A       11%         3
 Tukima's Dance           Hex            15%        N/A       11%         3
 Dazzling Flash           Conj/Hex       16%        N/A       26%         3


Dungeon Overview and Level Annotations

Branches:
Dungeon (2/15)

Altars:

Annotations:
D:2 Jessica


Innate Abilities, Weirdness & Mutations

You have sharp claws.
You have razor-sharp teeth.
You have supernaturally acute eyesight. (SInv)
You cover ground quickly. (Speed+)
You are covered in fur. (AC +1)
Your paws help you pounce on unaware monsters.
You are incapable of wielding weapons or throwing items.
You cannot wear armour.
You gain extra lives every three experience levels.


Message History

You scratch the worm. You bite the worm.
You kill the worm!
You have reached level 3!
Your experience leads to an increase in your attributes!
Increase (s)trength, (i)ntelligence, or (d)exterity?
You feel agile. x2
Health restored: 15; MP restored: 7 You now have 60 gold pieces (gained 13).
Jessica the Apprentice Sorceress comes into view.
She is wielding a +0 dagger.
Jessica is nearby!
Jessica shouts!
You closely miss Jessica. You bite Jessica.
Jessica is moderately wounded.
Jessica hits you with a +0 dagger.
You take 5 damage, and have 10/15 hp.
MASSIVE DAMAGE!!
You closely miss Jessica.
Jessica is moderately wounded.
Jessica casts a spell at you.
You barely resist. You scratch Jessica.
Jessica is severely wounded.
Jessica completely misses you.
You barely miss Jessica.
Jessica is severely wounded.
Jessica drinks a potion.
Jessica seems to grow stronger.
You closely miss Jessica.
Jessica is severely wounded.
Jessica grins evilly.
Jessica casts a spell.
Jessica blinks!
A rat comes into view.
Jessica hits you with a +0 dagger.
The rat moves out of view.
You take 4 damage, and have 7/15 hp.
MASSIVE DAMAGE!!
You are too injured to fight recklessly!
You scratch Jessica. You bite Jessica.
Jessica is almost dead.
Jessica casts a spell at you. Pain shoots through your body!
Ouch! That really hurt!
You die...

#.# ########### #.#
#..!......# #.#
#.?...[...# #.#
#.).......#### #.#
#............. ####.#
#.........###
.###....#####......ยง....#
(...............@.......#
.###....###...#@######..#
#....# #.###.# .#
####....# #.# #..
........###.# #### ...
#####....##.. # #..#
####..######### #. #..
#.[......... .. .###..
#.##.####### #.# ..#.#


You could see Jessica (strong).

Vanquished Creatures
  A worm (D:2)
  A dart slug (D:1)
  2 endoplasms
  3 goblins (D:1)
  3 hobgoblins (D:1)
  3 kobolds (D:1)
  2 quokkas (D:1)
  4 bats (D:1)
  A frilled lizard (D:1)
  3 rats (D:1)
23 creatures vanquished.

Notes
Turn   | Place    | Note
-------+----------+-------------------------------------------
     0 | D:1      | KyoPewz the Felid Enchanter began the quest for the Orb.
     0 | D:1      | Reached XP level 1. HP: 7/7 MP: 4/4
    82 | D:1      | Reached XP level 2. HP: 12/12 MP: 6/6
    85 | D:1      | Learned a level 2 spell: Ensorcelled Hibernation
   533 | D:1      | Reached skill level 1 in Fighting
   924 | D:2      | Reached XP level 3. HP: 15/15 MP: 7/7
   928 | D:2      | Noticed Jessica
   940 | D:2      | Killed from afar by Jessica

Illustrated notes

Levels and vault maps discovered:
D:1:      nzn_arrival_water_spiral, layout_basic, minmay_misc_feat_diagonals
D:2:      layout_basic, grunt_decor_fettered, uniq_jessica

Skill      XL: |  1  2 |
---------------+-------+-----
Dodging        | 3 |  3.3
Fighting       | 1 |  1.0
Stealth        | |  4.4
Unarmed Combat | |  1.5
Spellcasting   | |  2.0
Hexes          | |  4.4
Ice Magic      | |  0.4

Action                     || total
---------------------------++-------
  Melee: Unarmed           ||    64
         Bite              ||     9
   Stab: Sleeping          ||     7
 Armour: Skin              ||     2
  Dodge: Dodged            ||    36
